General information
- name: TNyZe.h4x P:| L:4
- type: Custom game
- host: TNyZe.h4x
- saver: Zith
map: TheTwoRivers
- players: 4
- length: 15:24
- speed: Fast
- version: 1.24 W3XP
- replay type: Public
» download(114 KB)
Players
team 1 (winner)
Zith (
blue | 152 APM | 2338 actions | 15:24)
5 Demon Hunter
3 Mana Burn
2 Evasion
3 Keeper of the Grove
2 Entangling Roots
1 Thorns Aura
» actions
| Assign group hotkey | 29 | |
| Basic commands | 32 | |
| Build / train | 45 | |
| Enter build submenu | 12 | |
| Enter hero's abilities submenu | 8 | |
| Give item / drop item | 3 | |
| Remove unit from queue | 1 | |
| Right click | 1182 | |
| Select / deselect | 356 | |
| Select group hotkey | 584 | |
| Use ability | 86 | |
2338 total
» units
| Wisp | 11 | |
| Huntress | 3 | |
| Dryad | 3 | |
| Druid of the Claw | 5 | |
22 total
» upgrades
| Abolish Magic | 1 | |
| Druid of the Claw Training | 2 | |
| Mark of the Claw | 1 | |
| Strength of the Wild | 1 | |
| Well Spring | 1 | |
6 total
» buildings
| Altar of Elders | 1 | |
| Moon Well | 6 | |
| Ancient of War | 1 | |
| Hunter's Hall | 1 | |
| Tree of Ages | 1 | |
| Ancient of Wonders | 1 | |
| Ancient of Lore | 2 | |
| Tree of Eternity | 1 | |
14 total
» build order
00:03 Altar of Elders
00:18 Moon Well
01:51 Ancient of War
01:54 Hunter's Hall
01:59 Moon Well
02:50 Tree of Ages
03:42 Moon Well
04:46 Ancient of Wonders
04:58 Moon Well
05:23 Ancient of Lore
05:25 Ancient of Lore
06:05 Moon Well
08:28 Tree of Eternity
13:26 Moon Well
» items
| Staff of Preservation | 1 | |
| Moonstone | 1 | |
| Orb of Venom | 1 | |
| Potion of Healing | 1 | |
4 total
team 2 (loser)
DiEoxidE (
brown | 215 APM | 3313 actions | 15:23)
3 Far Seer
2 Feral Spirit
1 Chain Lighting
3 Shadow Hunter
1 Hex
2 Serpent Ward
» actions
| Assign group hotkey | 77 | |
| Basic commands | 261 | |
| Build / train | 52 | |
| Enter build submenu | 11 | |
| Enter hero's abilities submenu | 7 | |
| Give item / drop item | 1 | |
| Right click | 1373 | |
| Select / deselect | 440 | |
| Select group hotkey | 1015 | |
| Use ability | 76 | |
3313 total
» units
| Peon | 7 | |
| Grunt | 12 | |
| Raider | 5 | |
| Troll Witch Doctor | 3 | |
| Spirit Walker | 1 | |
| Demolisher | 1 | |
29 total
» upgrades
| Berserker Strength | 1 | |
| Ensnare | 1 | |
| Witch Doctor Training | 1 | |
3 total
» buildings
| Barracks | 1 | |
| Altar of Storms | 1 | |
| Orc Burrow | 4 | |
| Voodoo Lounge | 1 | |
| Stronghold | 1 | |
| War Mill | 1 | |
| Beastiary | 1 | |
| Spirit Lodge | 1 | |
| Great Hall | 1 | |
12 total
» build order
00:16 Barracks
00:19 Altar of Storms
00:33 Orc Burrow
01:40 Orc Burrow
01:59 Orc Burrow
03:41 Voodoo Lounge
04:13 Stronghold
05:54 Orc Burrow
06:22 War Mill
07:16 Beastiary
07:18 Spirit Lodge
14:13 Great Hall
» items
| Healing Salve | 3 | |
| Lesser Clarity Potion | 5 | |
| Scroll of Town Portal | 2 | |
10 total
refereesTNyZe.h4x,
MooGla Chat log
(00:09 / All) Zith: hf
(00:18 / All) TNyZe.h4x: if it lags say so within the first 2 minutes else it's just a lame excuse
(00:51 / All) DiEoxidE: lags fine
(00:53 / All) DiEoxidE: :O
(01:38 / All) DiEoxidE: told my students im on a lunch break playing war3 :P
(02:12 / All) Zith: students eh
(09:16 / All) MooGla: NOOB LOL
(09:20 / All) Zith: ttttttt
(10:13 / All) TNyZe.h4x: it looks funny how the druid attack
(10:14 / All) Zith: lol Im so high rite nopw
(10:14 / All) TNyZe.h4x: s
(10:30 / All) TNyZe.h4x: and walks into doom on his master's command
(15:19 / All) DiEoxidE: gg!
(15:21 / All) Zith: gg